 Dungeon Sprint DCSS version 0.27.1-34-g3ba077fa99 (webtiles) character file.

Game seed: 2657806615341808307

12955 Karpo the Ninja (level 11, -6/32 HPs)
             Began as a Spriggan Enchanter on Feb 4, 2022.
             Was the Champion of Dithmenos.
             Mangled by a hornet (12 damage)
             ... in the Dungeon (Sprint I: "Red Sonja").
             The game lasted 00:29:56 (3104 turns).

Karpo the Ninja (Spriggan Enchanter)                Turns: 3104, Time: 00:29:57

Health: -6/32      AC:  3    Str: -1 (2)  XL:     11   Next: 69%
Magic:  2/13       EV: 23    Int: 15 (18) God:    Dithmenos [******]
Gold:   404        SH:  0    Dex: 13 (14) Spells: 4/15 levels left

rFire    . . .     SeeInvis +   j - +2 dagger (venom)
rCold    . . .     Faith    .   (shield restricted)
rNeg     . . .     Spirit   .   r - +2 robe {Archmagi}
rPois    .         Reflect  .   (helmet restricted)
rElec    .         Harm     .   (no cloak)
rCorr    .         Rampage  .   (gloves unavailable)
Will     +....     Archmagi +   (boots unavailable) Stlth ********++Rnd*Rage +
                                (no amulet)
HPRegen  0.02/turn NoTele   +   (no ring)
MPRegen  0.13/turn              (no ring)

@: unable to read, mesmerised, slowed, lost strength, wreathed by umbra, quick
A: very small, no large weapons, unfitting armour, see invisible, speed 3,
berserk 1, clumsy 2, deformed body, deterioration 1, frail 3, low mp 2,
screaming 1, weak 1, no potion heal 2, inability to read while threatened
a: Renounce Religion, Shadow Step, Shadow Form


You were in the Dungeon.
You worshipped Dithmenos.
Dithmenos was exalted by your worship.
You visited 1 branch You collected 1289 gold pieces.
You spent 885 gold pieces at shops.

Inventory:

Hand Weapons
 a - a +1 dagger
 j - a +2 dagger of venom (weapon)
 p - a +2 demon whip of venom
 q - a +2 whip of pain
Missiles
 k - 5 curare-tipped darts
 o - 8 boomerangs of dispersal
 s - 3 boomerangs
Armour
 b - a +0 robe
 r - a +2 robe of the Archmagi (worn)
Wands
 g - a wand of flame (32)
 i - a wand of iceblast (6)
 n - a wand of charming (7)
Scrolls
 h - a scroll of blinking
 m - 4 scrolls of identify
Potions
 c - 2 potions of curing
 d - a potion of heal wounds
 e - a potion of haste
 f - 2 potions of magic
 l - a potion of invisibility


   Skills:
 - Level 13.0 Short Blades
 - Level 12.9 Dodging
 O Level 27 Stealth
 - Level 2.6 Spellcasting
 + Level 17.4 Hexes


You had 4 spell levels left.
You knew the following spells:

 Your Spells              Type           Power      Damage    Failure   Level
b - Ensorcelled Hibernat  Hex/Ice        84%        N/A       1%          2
c - Tukima's Dance        Hex            69%        N/A       1%          3
d - Confusing Touch       Hex            69%        N/A       1%          3
e - Dazzling Flash        Conj/Hex       84%        N/A       1%          3

Your spell library contained the following spells:

 Spells                   Type           Power      Damage    Failure   Level
 Corona                   Hex            76%        N/A       0%          1
 Passwall                 Tmut/Erth      2%         N/A       30%         2
 Swiftness                Air            3%         N/A       52%         3
 Invisibility             Hex            34%        N/A       2%          6


Dungeon Overview and Level Annotations

Branches:
Dungeon (1/1)

Altars:
Cheibriados
Dithmenos
Elyvilon
Fedhas
Gozag
Hepliaklqana
Kikubaaqudgha
Makhleb
Nemelex Xobeh
Okawaru
Qazlal
Ru
Sif Muna
Trog
Uskayaw
Vehumet
Wu Jian
Xom
Yredelemnul
Zin
The Shining One
Jiyva
Lugonu

Shops:
D (:[(**[!*=([*((:(*?[=


Innate Abilities, Weirdness & Mutations

You are very small and have problems with some larger weapons.
You are too small for most types of armour.
You have supernaturally acute eyesight. (SInv)
You cover ground extremely quickly. (Speed+++)
You tend to lose your temper in combat.
You are very clumsy. (Dex -4)
Armour fits poorly on your strangely shaped body.
Your body sometimes deteriorates upon taking damage.
You are extremely frail. (-30% HP)
Your magical capacity is very low. (-20% MP)
You occasionally shout uncontrollably at your foes.
You are weak. (Str -2)
Potions cannot restore your health.
You sometimes lose the ability to read scrolls when taking damage.


Message History

You perforate the hornet like a sieve!!!!!
You kill the hornet!
Dithmenos accepts your kill.
The hornet is engulfed in a cloud of scalding steam.
Unknown command.
Casting: Ensorcelled Hibernation (safe; 1% risk of failure)
Confirm with . or Enter, or press ? or * to list all spells.
Aiming: Ensorcelled Hibernation (safe; 1% risk of failure)
Press: ? - help, Shift-Dir - straight line, f - hornet
Aim: a hornet (moderately wounded, umbra, chance to affect: 60%)
You feel a surge of power!
The hornet resists with significant effort.
The hornet stings you!
You feel threatened and lose the ability to read scrolls!
* * * LOW HITPOINT WARNING * * *
You emit a cloud of dark smoke.
You are lethally poisoned!
You feel yourself slow down. The hornet closely misses you.
Your system rejects the healing.
You feel better. The hornet completely misses you.
The merfolk siren chants a haunting song.
You are mesmerised by the merfolk siren!
The hornet stings you but does no damage.
The merfolk siren chants its luring song.
Casting: Ensorcelled Hibernation (safe; 1% risk of failure)
Confirm with . or Enter, or press ? or * to list all spells.
You feel a surge of power!
The merfolk siren is dazzled.
The hellwing looks more healthy.
The hornet misses you. x2
The merfolk siren barely misses you. The hornet completely misses you.
You cannot move away from the merfolk siren!
Casting: Dazzling Flash (safe; 1% risk of failure)
Confirm with . or Enter, or press ? or * to list all spells.
Aiming: Tukima's Dance (safe; 1% risk of failure)
Press: ? - help, Shift-Dir - straight line, f - merfolk siren, p - hornet
Aim: a merfolk siren, wielding a +0 spear (heavily wounded, mesmerising, blind, umbra, chance to affect: 60%)
You feel a surge of power!
The hornet's antennae twitch.
The hornet barely misses you.
The merfolk siren completely misses you.
The hornet stings you!
You die...

#############################
.)#(.#§...'§§§§§@ym.#^^'§§§§#
..##§#§####§§§§§##4.§^^#§§§§#
..§§§#§# ##..§#######'#§§§$$#
###.§§.# ###+# #§§#$§§$§#
.##+#### #§# #§§##§§$§
.#.§°°^# #..###$#§4§###+#
.#...°°'..$ ##.#A#$#§§m§}#
'###^..#^.. .###$#§§§§##
.'.#°2○# #' ##..$#..≈##


You could see a hellwing, a merfolk siren (mesmerising, blind) and a hornet.

Vanquished Creatures
  A hydra (D)
  2 centaur warriors (D)
  Sonja (D)
  A deep troll (D)
  8 shining eyes (D)
  A lindwurm (D)
  An oklob plant (D)
  A gargoyle (D)
  2 kobold demonologists (D)
  2 unseen horrors (D)
  4 demonic crawlers (D)
  2 hornets (D)
  A slime creature (D)
  Sigmund (D)
  A yak (D)
  2 redbacks (D)
  8 hogs (D)
  7 floating eyes (D)
  An ogre (D)
  7 necrophages (D)
  8 jellies (D)
  Ijyb (D)
  A ballistomycete spore (D)
64 creatures vanquished.

Vanquished Creatures (others)
  A gargoyle (D)
  5 hogs (D)
  A ballistomycete spore (D)
7 creatures vanquished.

Grand Total: 71 creatures vanquished

Notes
Turn   | Place    | Note
-------+----------+-------------------------------------------
     0 | D        | Karpo the Spriggan Enchanter began the quest for the Orb.
     0 | D        | Reached XP level 1. HP: 9/9 MP: 5/5
     2 | D        | Noticed Ijyb
    11 | D        | Killed Ijyb
    12 | D        | Reached skill level 9 in Stealth
    12 | D        | Reached XP level 2. HP: 12/13 MP: 6/6
   125 | D        | Learned a level 2 spell: Ensorcelled Hibernation
   126 | D        | Noticed an ogre
   129 | D        | Killed an ogre
   130 | D        | Reached skill level 14 in Stealth
   130 | D        | Reached XP level 3. HP: 16/16 MP: 8/8
   130 | D        | Reached XP level 4. HP: 21/21 MP: 9/9
   138 | D        | Noticed Sigmund
   141 | D        | Killed Sigmund
   142 | D        | Reached skill level 18 in Stealth
   142 | D        | Reached XP level 5. HP: 24/24 MP: 10/10
   142 | D        | Reached XP level 6. HP: 28/28 MP: 11/11
   154 | D        | Found a shimmering blue altar of Sif Muna.
   155 | D        | Found an ornate altar of the Wu Jian Council.
   156 | D        | Found a radiant altar of Vehumet.
   177 | D        | Found Jiaq's Weapon Emporium.
   177 | D        | Found an ancient bone altar of Kikubaaqudgha.
   177 | D        | Found a hazy altar of Hepliaklqana.
   177 | D        | Found a stormy altar of Qazlal.
   177 | D        | Found a hide-covered altar of Uskayaw.
   177 | D        | Found a blossoming altar of Fedhas.
   177 | D        | Found a bloodstained altar of Trog.
   177 | D        | Found an iron altar of Okawaru.
   177 | D        | Found a basalt altar of Yredelemnul.
   177 | D        | Found a glowing golden altar of the Shining One.
   177 | D        | Found a snail-covered altar of Cheibriados.
   177 | D        | Found a sacrificial altar of Ru.
   177 | D        | Found a glowing silver altar of Zin.
   177 | D        | Found a shadowy altar of Dithmenos.
   177 | D        | Found a white marble altar of Elyvilon.
   177 | D        | Noticed a yak
   178 | D        | Found an opulent altar of Gozag.
   179 | D        | Killed a yak
   180 | D        | Reached skill level 20 in Stealth
   180 | D        | Found a sparkling altar of Nemelex Xobeh.
   186 | D        | Became a worshipper of Dithmenos the Shadowed
   194 | D        | Learned a level 3 spell: Tukima's Dance
   199 | D        | Noticed Sonja
   203 | D        | Killed Sonja
   204 | D        | Reached skill level 23 in Stealth
   204 | D        | Reached XP level 7. HP: 32/32 MP: 12/12
   204 | D        | Reached XP level 8. HP: 36/36 MP: 13/13
   222 | D        | Found Var Tuol's Weapon Boutique.
   242 | D        | Noticed a deep troll
   246 | D        | Killed a deep troll
   247 | D        | Reached skill level 25 in Stealth
   272 | D        | Noticed a centaur warrior
   273 | D        | Noticed a centaur warrior
   276 | D        | Killed a centaur warrior
   276 | D        | Reached * piety under Dithmenos
   277 | D        | Reached skill level 27 in Stealth
   277 | D        | Reached XP level 9. HP: 39/39 MP: 14/14
   277 | D        | Killed a centaur warrior
   300 | D        | Noticed an oklob plant
   302 | D        | Killed an oklob plant
   302 | D        | Reached ** piety under Dithmenos
   303 | D        | Reached skill level 10 in Short Blades
   317 | D        | Found a viscous altar of Jiyva.
   317 | D        | Found a corrupted altar of Lugonu.
   318 | D        | Found a burning altar of Makhleb.
   318 | D        | Found a shimmering altar of Xom.
   333 | D        | Noticed a kobold demonologist
   334 | D        | Noticed a kobold demonologist
   338 | D        | Killed a kobold demonologist
   338 | D        | Reached *** piety under Dithmenos
   339 | D        | Reached XP level 10. HP: 44/44 MP: 15/15
   521 | D        | Learned a level 3 spell: Confusing Touch
   525 | D        | Learned a level 3 spell: Dazzling Flash
   543 | D        | Reached **** piety under Dithmenos
   669 | D        | Killed a gargoyle
   679 | D        | Reached skill level 10 in Dodging
   690 | D        | Reached ***** piety under Dithmenos
   726 | D        | Reached ****** piety under Dithmenos
   932 | D        | Found Ihoim's General Store.
   933 | D        | Found Mukiqy's Magic Scroll Emporium.
   934 | D        | Found Caigat's Jewellery Emporium.
   960 | D        | Found Fuifuss's Antique Weapon Boutique.
   960 | D        | Found Gihessoo's Book Shoppe.
   960 | D        | Found Ijofonki's Antique Weapon Shop.
   960 | D        | Found Duiqac's Antique Weapon Emporium.
   960 | D        | Found Ifarghock's General Store.
   960 | D        | Found Qavywn's Armour Shoppe.
   960 | D        | Found Ahihaypu's Weapon Shop.
   964 | D        | Found Ylivitz's Jewellery Emporium.
   965 | D        | Found Uluenaf's General Store.
   965 | D        | Found Qepranno's Distillery.
   966 | D        | Found Ethy's Armour Shop.
   988 | D        | Bought a book of Burglary for 336 gold pieces
  1018 | D        | Found Keppa's Armour Emporium.
  1023 | D        | Bought a +2 robe of the Archmagi for 452 gold pieces
  1068 | D        | Bought a scroll of amnesia for 49 gold pieces
  1308 | D        | Reached skill level 5 in Hexes
  1398 | D        | Noticed a lindwurm
  1400 | D        | Killed a lindwurm
  1415 | D        | Noticed a gargoyle
  1583 | D        | Reached skill level 10 in Hexes
  1583 | D        | Reached XP level 11. HP: 43/47 MP: 16/16
  1679 | D        | Noticed a lorocyproca
  1972 | D        | Noticed a 12-headed hydra
  1974 | D        | Killed a 12-headed hydra
  1995 | D        | Noticed a daeva
  2007 | D        | Noticed a deep elf annihilator
  2019 | D        | HP: 2/47 [arrow trap (8)]
  2690 | D        | Noticed a shining eye
  2690 | D        | Noticed a shining eye
  2690 | D        | Noticed a shining eye
  2691 | D        | Noticed a shining eye
  2691 | D        | Noticed a shining eye
  2691 | D        | Noticed a shining eye
  2692 | D        | Noticed a shining eye
  2692 | D        | Noticed a shining eye
  2693 | D        | Killed a shining eye
  2701 | D        | Killed a shining eye
  2703 | D        | Killed a shining eye
  2704 | D        | Reached skill level 15 in Hexes
  2704 | D        | Paralysed by a floating eye for 2 turns
  2705 | D        | Gained mutation: Your body sometimes deteriorates upon
                  | taking damage. [a shining eye]
  2706 | D        | Gained mutation: Your magical capacity is low. (-10% MP) [a
                  | shining eye]
  2707 | D        | Gained mutation: You are clumsy. (Dex -2) [a shining eye]
  2708 | D        | Gained mutation: You are frail. (-10% HP) [a shining eye]
  2711 | D        | Gained mutation: You occasionally shout uncontrollably at
                  | your foes. [a shining eye]
  2711 | D        | Paralysed by a floating eye for 2 turns
  2719 | D        | Paralysed by a floating eye for 4 turns
  2720 | D        | Gained mutation: You are very clumsy. (Dex -4) [a shining
                  | eye]
  2721 | D        | Gained mutation: You tend to lose your temper in combat. [a
                  | shining eye]
  2722 | D        | Gained mutation: You are dopey. (Int -2) [a shining eye]
  2722 | D        | Gained mutation: You are very frail. (-20% HP) [a shining
                  | eye]
  2758 | D        | Gained mutation: Potions are less effective at restoring
                  | your health. [a shining eye]
  2769 | D        | Gained mutation: You are extremely frail. (-30% HP) [a
                  | shining eye]
  2772 | D        | Lost mutation: You are dopey. (Int -2) [a shining eye]
  2775 | D        | Gained mutation: Armour fits poorly on your strangely
                  | shaped body. [a shining eye]
  2778 | D        | Killed a shining eye
  2782 | D        | Gained mutation: Potions cannot restore your health. [a
                  | shining eye]
  2787 | D        | Gained mutation: Your magical capacity is very low. (-20%
                  | MP) [a shining eye]
  2790 | D        | Gained mutation: You sometimes lose the ability to read
                  | scrolls when taking damage. [a shining eye]
  2796 | D        | Killed a shining eye
  2805 | D        | Killed a shining eye
  2835 | D        | Gained mutation: You are weak. (Str -2) [a shining eye]
  2839 | D        | Killed a shining eye
  2856 | D        | Killed a shining eye
  2975 | D        | Found Nyegroiq's Book Shoppe.
  2975 | D        | Found Eheunaj's Assorted Antiques.
  2975 | D        | Found Zuoxut's Armour Emporium.
  2976 | D        | Found Hihas's Assorted Antiques.
  2980 | D        | Bought a fuming dark potion for 16 gold pieces
  2980 | D        | Bought a red potion for 16 gold pieces
  2980 | D        | Bought a lumpy dark potion for 16 gold pieces
  2981 | D        | Lost strength.
  3104 | D        | Mangled by a hornet

Illustrated notes

Levels and vault maps discovered:
D:        dungeon_sprint_1 [red_sonja_temple_1, red_sonja_temple_small_1]

Skill      XL: |  1  2  3  4  5  6  7  8  9 10 11 |
---------------+----------------------------------+-----
Stealth        | 9 14 18 23 27 | 27.0
Short Blades   | 12 13 | 13.0
Dodging        | 12 | 12.9
Hexes          | 10 17 | 17.4
Spellcasting   | |  2.6

Action                   |  1- 3 |  4- 6 |  7- 9 | 10-12 || total
-------------------------+-------+-------+-------+-------++-------
Melee: Dagger            |     8 |     4 |     8 |   237 ||   257
 Cast: Confusing Touch   |       |       |       |     9 ||     9
       Ensorcelled Hiber |       |       |       |     4 ||     4
       Dazzling Flash    |       |       |       |     2 ||     2
       Tukima's Dance    |       |       |       |     1 ||     1
  Use: Potion            |     1 |       |       |     4 ||     5
       Scroll            |       |       |       |     2 ||     2
 Stab: Sleeping          |     2 |     4 |     8 |    30 ||    44
       Confused          |       |       |       |     7 ||     7
       Distracted        |       |       |       |     1 ||     1
Armor: Robe              |       |       |       |     6 ||     6
Dodge: Dodged            |     3 |       |       |    95 ||    98
